 Dungeon Crawl Stone Soup version 0.31-a0-981-geadf994542 (webtiles) character file.

Game seed: 12830132878412638885

9777 Descartes the Peltast (level 11, -3/70 (72) HPs)
             Began as a Formicid Hunter on Oct 31, 2023.
             Was an Initiate of Gozag.
             Slain by a yak (11 damage)
             ... on level 9 of the Dungeon.
             The game lasted 00:26:22 (12427 turns).

Descartes the Peltast (Formicid Hunter)            Turns: 12427, Time: 00:26:24

HP:   -3/70 (72)    AC: 11    Str: 27    XL:     11   Next: 80%
MP:   11/11         EV: 16    Int: 10    God:    Gozag
Gold: 673           SH: 21    Dex: 17    Spells: 10/10 levels left

rFire   + + .        a - +0 orcbow (chaos)
rCold   + + .        o - +0 tower shield
rNeg    . . .        h - +3 ring mail
rPois   +            (helmet unavailable)
rElec   +            p - scarf {rC+ rF+}
rCorr   +            e - +0 pair of gloves
SInv    +            (no boots)
Will    +....        D - amulet "Ledairph" {Faith Int+2}
Stlth   +            n - +5 ring of evasion
HPRegen 0.31/turn    y - +6 ring of strength
MPRegen 0.12/turn

%: faith
@: mighty, resistant, studying 2 skills, lightly drained
A: permanent stasis, dig shafts and tunnels, antennae 3, four strong arms
a: Dig, Shaft Self, Renounce Religion, Potion Petition, Call Merchant, Bribe
Branch


You were on level 9 of the Dungeon.
You worshipped Gozag.
Gozag was pleased with you.
You visited 2 branches of the dungeon, and saw 11 of its levels.
You also visited: Bailey.

You collected 1843 gold pieces.
You paid 1170 gold pieces to Gozag.

Inventory:

Hand Weapons
 a - a +0 orcbow of chaos (weapon)
 J - a +0 scimitar of flaming
 N - a +5 hand axe
Missiles
 c - a curare-tipped dart
 d - 21 javelins
 g - 29 poisoned darts
 x - 4 boomerangs
 A - 3 throwing nets
Armour
 e - a +0 pair of gloves (worn)
 h - a +3 ring mail (worn)
 l - a +0 plate armour
 o - a +0 tower shield (worn)
 p - a scarf of resistance (worn)
Jewellery
 n - a +5 ring of evasion (left hand)
 y - a +6 ring of strength (right hand)
 D - the amulet "Ledairph" (around neck) {Faith Int+2}
   (You found it on level 7 of the Dungeon)

   [amulet of faith]

   Faith:     It allows you to gain divine favour quickly.
   Int+2:     It affects your intelligence (+2).
Wands
 E - a wand of mindburst (27)
 F - a wand of polymorph (10)
 G - a wand of flame (20)
 I - a wand of charming (10)
Scrolls
 b - a scroll of acquirement {unknown}
 f - 2 scrolls of noise
 i - 2 scrolls of brand weapon
 k - 4 scrolls of blinking
 q - 2 scrolls of silence {unknown}
 r - 4 scrolls of enchant weapon
 s - a scroll of revelation {unknown}
 v - 2 scrolls of fear
 w - a scroll of butterflies
 z - a scroll of immolation {unknown}
 C - a scroll of teleportation
 L - 2 scrolls of identify
Potions
 m - a potion of invisibility {unknown}
 t - a potion of brilliance {unknown}
 u - 2 potions of resistance {unknown}
 B - 2 potions of curing
 H - a potion of enlightenment {unknown}
 K - a potion of attraction {unknown}
 M - a potion of might {unknown}


   Skills:
 - Level 2.2 Fighting
 - Level 10.0 Ranged Weapons
 + Level 8.5 Armour
 - Level 1.8 Dodging
 - Level 1.3 Stealth
 - Level 18.0 Shields


You had 10 spell levels left.
You didn't know any spells.
Your spell library contained the following spells:

 Spells                   Type           Power      Damage    Failure   Level
 Apportation              Tloc           0%         N/A       67%         1
 Ensorcelled Hibernation  Hex/Ice        0%         N/A       82%         2
 Jinxbite                 Hex            0%         N/A       82%         2
 Passwall                 Tmut/Erth      0%         N/A       82%         2
 Alistair's Intoxication  Tmut/Pois      0%         N/A       100%        5
 Conjure Ball Lightning   Conj/Air       0%         3x3d6     100%        6
 Ozocubu's Refrigeration  Ice            0%         4d7       100%        7
 Discord                  Hex            0%         N/A       100%        8
 Disjunction              Tloc           0%         N/A       100%        8
 Polar Vortex             Ice            0%         N/A       100%        9
 Swiftness                Air            Unusable   N/A       N/A         3
 Simulacrum               Ice/Necr       Unusable   N/A       N/A         6

Dungeon Overview and Level Annotations

Branches:
Dungeon (10/15)            Temple (1/1) D:5             Orc (0/2) D:9
 Bailey (visited)
   Lair: D:8-11

Altars:
Ashenzari
Cheibriados
Dithmenos
Elyvilon
Fedhas
Gozag
Hepliaklqana
Kikubaaqudgha
Makhleb
Nemelex Xobeh
Okawaru
Qazlal
Ru
Sif Muna
Trog
Uskayaw
Vehumet
Wu Jian
Xom
Yredelemnul
Zin
The Shining One


Innate Abilities, Weirdness & Mutations

You cannot be hasted, slowed, berserked, paralysed or teleported.
You can dig through walls and to a lower floor.
You have a pair of large antennae on your head. (SInv)
Your four strong arms can wield two-handed weapons with a shield.


Message History

The juvenile weirdshock beast misses you.
The juvenile weirdshock beast grabs you.
You stop ascending the stairs.
The juvenile weirdshock beast constricts you!
* * * LOW HITPOINT WARNING * * *
You block the larval batsting beast's attack.
You feel much better.
You block the larval batsting beast's attack.
The juvenile weirdshock beast bursts into living lightning!
The living lightning hits you! You resist.
The juvenile weirdshock beast blinks!
The juvenile weirdshock beast constricts you!
* * * LOW HITPOINT WARNING * * *
You block the larval batsting beast's attack.
You escape the juvenile weirdshock beast's grasp.
You block the larval batsting beast's attack. x2
The juvenile weirdshock beast bursts into living lightning!
The living lightning hits you! You resist.
* * * LOW HITPOINT WARNING * * *
The juvenile weirdshock beast blinks!
The yak gores you.
* * * LOW HITPOINT WARNING * * *
You climb upwards.
There is a stone staircase leading down here.
You can't go up here!
Okay, then. [a] - 260 gold - resistance [b] - 570 gold - brilliance, resistance and enlightenment [c] - 378 gold - resistance and might Purchase which effect?
You no longer have enough gold to fund merchants seeking to open stores in the dungeon.
You feel protected.
You feel very mighty all of a sudden.
You block the juvenile weirdshock beast's attack. x2
The yak gores you but does no damage.
Aiming: Charm
Press: ? - help, Shift-Dir - straight line, f - juvenile weirdshock beast
Aim: a juvenile weirdshock beast (heavily wounded, unusually agile, chance to affect: 34%)
The juvenile weirdshock beast is charmed.
The yak gores you!
You die...
Your body crumbles into a pile of gold.

......'.......#.......#..........
..)...#......)#.......#..........
.)....#.......#......##..........
......#.......#......#####'######
......#...###.[......#........###
......#...# #[#[.....#........#..
......#...###.#......#........#..
......#.......#.H....#...........
......#.......#.@Y...#...........
#######.......#....###...........
#.......##....#.............
#.......#.....#............>
#.......#.....#.............
#..####.#.....#.............
#..####.#.....#.............
#.......#.....#.............
###.......#######......)#....#


You could see a yak and a friendly juvenile weirdshock beast (charmed, agile).

Vanquished Creatures
  Erica (D:8)
  2 dancing weapons (D:8)
  Maurice (D:8)
  Joseph (D:7)
  A troll (D:8)
  A spriggan (shapeshifter) (Bailey)
  7 yaks (D:10)
  2 vampire mosquitoes (D:7)
  A steam dragon (D:8)
  A water moccasin (D:6)
  An acid dragon (D:9)
  7 orc warriors
  2 sky beasts
  An ice beast (D:5)
  2 black bears
  An ogre (D:5)
  12 centaurs
  4 phantoms
  Blork the orc (D:6)
  2 kobold brigands
  4 bullfrogs
  A gnoll sergeant (D:7)
  4 scorpions (D:4)
  13 wights (D:9)
  4 howler monkeys (D:9)
  5 orc priests
  4 hounds
  A jelly (D:5)
  A sleepcap (D:7)
  A gnoll bouda (D:7)
  18 orc wizards
  2 iguanas
  3 mutant beasts (D:10)
  Natasha (thrice) (D:4)
  13 gnolls
  10 adders
  4 white imps
  5 worms
  9 dart slugs
  52 orcs
  8 bats
  10 endoplasms
  11 goblins
  7 hobgoblins
  8 quokkas
  7 ball pythons
  4 frilled lizards
  18 kobolds
  2 rats
283 creatures vanquished.

Vanquished Creatures (others)
  An orc wizard (D:9)
  An adder (D:4)
  A worm (D:5)
  A kobold (D:8)
4 creatures vanquished.

Grand Total: 287 creatures vanquished

Notes
Turn   | Place    | Note
-------+----------+-------------------------------------------
     0 | D:1      | Descartes the Formicid Hunter began the quest for the Orb.
     0 | D:1      | Reached XP level 1. HP: 16/16 MP: 1/1
   188 | D:1      | Reached XP level 2. HP: 22/22 MP: 2/2
   935 | D:2      | Reached XP level 3. HP: 27/27 MP: 3/3
   951 | D:2      | Reached skill level 5 in Ranged Weapons
   982 | D:2      | Reached XP level 4. HP: 24/33 MP: 4/4
  1878 | D:2      | Found a faded altar of an unknown god.
  2086 | D:3      | Reached XP level 5. HP: 38/38 MP: 5/5
  2421 | D:3      | Found a sparkling altar of Nemelex Xobeh.
  2425 | D:3      | Found a basalt altar of Yredelemnul.
  2835 | D:3      | Found a white marble altar of Elyvilon.
  3094 | D:4      | Reached XP level 6. HP: 40/43 MP: 6/6
  3360 | D:4      | Noticed Natasha
  3364 | D:4      | Reached skill level 1 in Shields
  3364 | D:4      | Killed Natasha
  3376 | D:4      | Reached skill level 2 in Shields
  3427 | D:4      | Noticed Natasha
  3441 | D:4      | Killed Natasha
  3526 | D:4      | Noticed a black bear
  3534 | D:4      | Reached skill level 3 in Shields
  3534 | D:4      | Reached XP level 7. HP: 49/50 MP: 7/7
  3552 | D:4      | Reached skill level 4 in Shields
  3602 | D:4      | Found a shimmering altar of Xom.
  3668 | D:4      | Noticed Natasha
  3675 | D:4      | Killed Natasha
  3836 | D:4      | Reached skill level 5 in Shields
  4265 | D:5      | Entered Level 5 of the Dungeon
  4371 | D:4      | Reached XP level 8. HP: 17/56 MP: 8/8
  4518 | D:5      | Found a staircase to the Ecumenical Temple.
  4572 | D:4      | Reached skill level 6 in Shields
  4863 | D:4      | Reached skill level 7 in Shields
  5112 | D:5      | Reached skill level 8 in Shields
  5178 | D:5      | Reached XP level 9. HP: 61/61 MP: 9/9
  5236 | D:5      | Reached skill level 9 in Shields
  5355 | Temple   | Entered the Ecumenical Temple
  5365 | Temple   | Became a worshipper of Gozag Ym Sagoz the Greedy
  5784 | D:5      | Found an iron altar of Okawaru.
  6060 | D:6      | Reached skill level 10 in Shields
  6095 | D:6      | Found a faded altar of an unknown god.
  6097 | D:6      | Found a faded altar of an unknown god.
  6097 | D:6      | Found a hazy altar of Hepliaklqana.
  6152 | D:6      | Noticed Blork the orc
  6184 | D:6      | Killed Blork the orc
  6452 | D:6      | Reached skill level 11 in Shields
  6509 | D:6      | Found a glowing silver altar of Zin.
  6863 | D:7      | Found a large runed translucent door.
  6863 | D:7      | Found a large runed translucent door.
  7151 | D:7      | Noticed Joseph
  7190 | D:7      | Killed Joseph
  7191 | D:7      | Reached skill level 12 in Shields
  7358 | D:7      | Identified the amulet "Ledairph" {Faith Int+2}
  7380 | D:7      | Reached XP level 10. HP: 67/67 MP: 10/10
  7427 | D:7      | Reached skill level 10 in Ranged Weapons
  7898 | D:7      | Reached skill level 13 in Shields
  8177 | D:7      | Found a shimmering blue altar of Sif Muna.
  8190 | D:7      | Found a blossoming altar of Fedhas.
  8337 | D:8      | Reached skill level 14 in Shields
  8366 | D:8      | Found a flagged portal.
  8374 | Bailey   | Entered a bailey
  8999 | Bailey   | Reached skill level 15 in Shields
  9705 | D:8      | Noticed a +0 dagger
  9706 | D:8      | Noticed a +0 hand axe
  9707 | D:8      | Found a hide-covered altar of Uskayaw.
  9818 | D:8      | Noticed Erica
  9836 | D:8      | Killed Erica
  9837 | D:8      | Reached skill level 16 in Shields
  9837 | D:8      | Reached XP level 11. HP: 54/72 MP: 11/11
  9975 | D:8      | Noticed Maurice
 10104 | D:8      | Killed Maurice
 10197 | D:8      | Found a sacrificial altar of Ru.
 10289 | D:8      | Killed a +0 dagger
 10290 | D:8      | Reached skill level 17 in Shields
 10332 | D:8      | Killed a +0 hand axe
 10519 | D:9      | Reached skill level 5 in Armour
 11216 | D:9      | Found a staircase to the Orcish Mines.
 12141 | D:10     | Entered Level 10 of the Dungeon
 12180 | D:10     | Reached skill level 18 in Shields
 12389 | D:10     | Noticed a juvenile weirdshock beast
 12427 | D:9      | Slain by a yak

Illustrated notes

Levels and vault maps discovered:
D:1:      wander_arrival_desolate, layout_basic
D:2:      layout_loops_cross, shapermc_ecumenical_altar_petra
D:3:      layout_basic, mainiacjoe_overflow_alcove_1,
          mainiacjoe_overflow_alcove_4, yredelemnul_altar_generic,
          item_on_display_a
D:4:      layout_loops_ring, xom_confusion_cloud, serial_bayou,
          serial_bayou_lagoon_b, serial_bayou_pond_d, serial_bayou_ford_a,
          serial_bayou_crossing, minmay_ruptured, uniq_natasha
D:5:      minmay_bubble_buster, layout_rooms, okawaru_ov_weapons_minmay,
          minmay_temple_entry_statues, minivault_23, interstate_on_off,
          lemuel_flame_loot_1
D:6:      layout_rooms, zin_academy, nicolae_hepliaklqana_ecumenical_no_more,
          uniq_blork_the_orc
D:7:      layout_basic, jmf_multi_god_temple2, uniq_joseph
D:8:      layout_cave_pools, nicolae_ru_path_of_blood, dancing_weapons_uskayaw,
          enter_bailey_3, uniq_erica, uniq_maurice
D:9:      layout_stronghold, david_orc_3
D:10:     layout_basic, due_lair_maze_entry_diamond, serial_shops, shop,
          nicolae_beast_mode
Temple:   nicolae_temple_bog_church

Skill      XL: |  1  2  3  4  5  6  7  8  9 10 11 |
---------------+----------------------------------+-----
Ranged Weapons | 5 6 7 8 9 10 | 10.0
Shields        | 3 5 8 12 16 18 | 18.0
Armour         | 8 |  8.5
Fighting       | |  2.2
Dodging        | |  1.8
Stealth        | |  1.3

Action                     |  1- 3 |  4- 6 |  7- 9 | 10-12 || total
---------------------------+-------+-------+-------+-------++-------
  Melee: Unarmed           |       |    20 |       |       ||    20
         Shortbow          |       |       |     2 |       ||     2
   Fire: Shortbow          |    63 |   256 |   597 |    70 ||   986
         Orcbow            |       |       |       |   752 ||   752
  Throw: Dart              |       |       |       |     9 ||     9
 Invoke: Potion Petition   |       |       |       |     3 ||     3
Ability: Dig               |       |     1 |       |     2 ||     3
  Evoke: Wand              |       |       |       |     1 ||     1
    Use: Potion            |       |     3 |     2 |     5 ||    10
         Scroll            |       |       |       |     6 ||     6
 Armour: Leather armour    |     4 |       |       |       ||     4
         Ring mail         |     8 |   110 |   203 |   248 ||   569
         Skin              |       |     7 |       |       ||     7
  Dodge: Dodged            |    14 |   112 |   200 |   264 ||   590
  Block: Tower shield      |       |    29 |   435 |   684 ||  1148

Table legend: (Time is in decaauts)
 A = Elapsed time spent in this place.
 B = Non-inter-level travel time spent in this place.
 C = Inter-level travel time spent in this place.
 D = Time resting spent in this place.
 E = Time spent auto-exploring this place.
 F = Levels seen in this place.
 G = Mean time per level.
                   A        B        C        D        E       F      G
               +--------+--------+--------+--------+--------+-----+--------+
         Total |  12935 |  12286 |    649 |    100 |   8796 |  12 | 1077.9 |
       Dungeon |  11538 |  10898 |    640 |    100 |   7893 |  10 | 1153.8 |
        Temple |     21 |     12 |      9 |      0 |      0 |   1 |   21.0 |
        Bailey |   1376 |   1376 |      0 |      0 |    903 |   1 | 1376.0 |
               +--------+--------+--------+--------+--------+-----+--------+

Top non-repeatable levels by time:
     D:4: 2012 daAuts
     D:9: 1736 daAuts
     D:7: 1391 daAuts
  Bailey: 1376 daAuts
     D:5: 1140 daAuts
     D:1: 1116 daAuts
     D:8: 1080 daAuts
     D:3: 1009 daAuts
     D:2: 997 daAuts
     D:6: 895 daAuts
    D:10: 159 daAuts
  Temple: 21 daAuts
